 Dungeon Crawl Stone Soup version 0.28.0 (webtiles) character file.

Game seed: 15898216406492930756

114 themarg the Ducker (level 4, -4/38 HPs)
             Began as a Gnoll Wanderer on Feb 8, 2022.
             Killed by divine providence
             ... invoked by an orc priest
              (13 damage)
             ... on level 3 of the Dungeon.
             The game lasted 00:11:44 (2733 turns).

themarg the Ducker (Gnoll Wanderer)                 Turns: 2733, Time: 00:11:45

Health: -4/38      AC:  7    Str: 14    XL:     4   Next: 98%
Magic:  5/5        EV: 11    Int: 11    God:
Gold:   117        SH:  0    Dex: 11    Spells: 5/5 levels left

rFire   . . .      SeeInvis .   i - +0 rapier
rCold   . . .      Faith    .   (no shield)
rNeg    . . .      Spirit   .   q - +0 scale mail
rPois   .          Reflect  .   (no helmet)
rElec   .          Harm     .   (no cloak)
rCorr   .          Rampage  .   (no gloves)
Will    .....                   (no boots)
Stlth   ..........              (no amulet)
HPRegen 0.12/turn               (no ring)
MPRegen 0.09/turn               (no ring)

@: no status effects
A: fangs 1, strong nose, distributed training
a: no special abilities


You were on level 3 of the Dungeon.
You visited 1 branch of the dungeon, and saw 3 of its levels.

You collected 117 gold pieces.

Inventory:

Hand Weapons
 h - a +0 short sword
 i - a +0 rapier (weapon)
Missiles
 b - 4 throwing nets (quivered)
 f - 84 stones
 o - 8 poisoned darts
Armour
 q - a +0 scale mail (worn)
Scrolls
 c - 2 scrolls of teleportation
 d - 2 scrolls of fog
 e - a scroll of magic mapping {unknown}
 g - 4 scrolls of identify {unknown}
 m - a scroll of amnesia {unknown}
 p - a scroll of torment {unknown}
Potions
 a - a potion of lignification {unknown}
 l - a potion of degeneration {unknown}
 n - 2 potions of mutation {unknown}


   Skills:
 + Level 4.7 Fighting
 + Level 1.3 Short Blades
 + Level 1.3 Long Blades
 + Level 1.3 Axes
 + Level 1.3 Maces & Flails
 + Level 1.3 Polearms
 + Level 1.3 Staves
 + Level 1.3 Slings
 + Level 1.3 Bows
 + Level 1.3 Crossbows
 + Level 2.8 Throwing
 + Level 4.7 Armour
 + Level 6.6 Dodging
 + Level 1.3 Stealth
 + Level 1.3 Shields
 + Level 4.7 Unarmed Combat
 + Level 1.3 Spellcasting
 + Level 1.0 Conjurations
 + Level 1.0 Hexes
 + Level 1.0 Summonings
 + Level 1.0 Necromancy
 + Level 1.0 Translocations
 + Level 1.0 Transmutations
 + Level 1.0 Fire Magic
 + Level 1.0 Ice Magic
 + Level 1.0 Air Magic
 + Level 1.0 Earth Magic
 + Level 1.0 Poison Magic
 + Level 1.4 Invocations
 + Level 1.3 Evocations


You had 5 spell levels left.
You didn't know any spells.
Your spell library was empty.

Dungeon Overview and Level Annotations

Branches:
Dungeon (3/15)

Altars:

Shops:
D:1 =   D:2 =


Innate Abilities, Weirdness & Mutations

You have very sharp teeth.
Your uncanny sense of smell can sniff out nearby items.
Your experience applies equally to all skills.


Message History

You see here a +0 flail.
You see here 16 sling bullets.
You see here a ball python skeleton.
Found an escape hatch in the floor.
You hit the orc. Your bite misses the orc.
The orc is heavily wounded.
The orc barely misses you.
You hit the orc.
You kill the orc!
You closely miss the orc. You bite the orc, but do no damage.
The orc hits you but does no damage. The orc hits you but does no damage.
The orc priest looks braver for a moment.
You puncture the orc!
You kill the orc!
The orc priest calls down the wrath of Beogh upon you.
Beogh smites you!
* * * LOW HITPOINT WARNING * * *
The orc priest calls down the wrath of Beogh upon you.
Pain shoots through your body!
* * * LOW HITPOINT WARNING * * *
You feel better.
You hit the orc priest.
The orc priest is moderately wounded.
The orc priest hits you but does no damage.
You hit the orc priest.
The orc priest is heavily wounded.
The orc priest barely misses you.
You closely miss the orc priest.
The orc priest is heavily wounded.
The orc priest hits you but does no damage.
You hit the orc priest. You bite the orc priest.
The orc priest is severely wounded.
The orc priest barely misses you.
The orc priest hits you but does no damage.
You barely miss the orc priest.
The orc priest is severely wounded.
The orc priest calls down the wrath of Beogh upon you.
Beogh smites you!
You die...

...... #.#... ...#..
....#. . ...# ##### ∆ ∆
#....
.#####+##############....
........@o..........)....
.......##############....
....... ##.## .. .......
### ##.## .# #########.##
#.... .# ##.#.## #.... .#
##.#.#.## #.... .#
##.#.#.#.## #...> .#
##.#.###.#o## #....


You could see an orc priest.

Vanquished Creatures
  A gnoll (D:3)
  4 adders (D:2)
  2 dart slugs
  3 worms
  4 orcs (D:3)
  4 bats
  2 endoplasms
  3 giant cockroaches
  7 goblins (D:1)
  2 hobgoblins
  2 jackals (D:2)
  2 quokkas
  A ball python (D:3)
  5 frilled lizards
  5 kobolds
  6 rats
53 creatures vanquished.

Notes
Turn   | Place    | Note
-------+----------+-------------------------------------------
     0 | D:1      | themarg the Gnoll Wanderer began the quest for the Orb.
     0 | D:1      | themarg set off with the following items: a +0 club, 4
                  | throwing nets, a scroll of teleportation, a scroll of fog,
                  | a +0 leather armour
     0 | D:1      | Reached XP level 1. HP: 20/20 MP: 1/1
   412 | D:1      | Reached XP level 2. HP: 23/26 MP: 2/2
   832 | D:1      | Found Ceassiwu's Jewellery Shoppe.
   851 | D:1      | Reached XP level 3. HP: 31/31 MP: 3/3
  1032 | D:2      | Found Keyllara's Jewellery Boutique.
  1165 | D:2      | Reached skill level 1 in Invocations
  1581 | D:2      | Reached skill level 1 in Short Blades
  1581 | D:2      | Reached skill level 1 in Long Blades
  1581 | D:2      | Reached skill level 1 in Axes
  1581 | D:2      | Reached skill level 1 in Maces & Flails
  1581 | D:2      | Reached skill level 1 in Polearms
  1581 | D:2      | Reached skill level 1 in Staves
  1581 | D:2      | Reached skill level 1 in Slings
  1581 | D:2      | Reached skill level 1 in Bows
  1581 | D:2      | Reached skill level 1 in Crossbows
  1581 | D:2      | Reached skill level 1 in Stealth
  1581 | D:2      | Reached skill level 1 in Shields
  1581 | D:2      | Reached skill level 1 in Spellcasting
  1581 | D:2      | Reached skill level 1 in Evocations
  1587 | D:2      | Reached XP level 4. HP: 37/38 MP: 5/5
  2101 | D:3      | Reached skill level 1 in Conjurations
  2101 | D:3      | Reached skill level 1 in Hexes
  2101 | D:3      | Reached skill level 1 in Summonings
  2101 | D:3      | Reached skill level 1 in Necromancy
  2101 | D:3      | Reached skill level 1 in Translocations
  2101 | D:3      | Reached skill level 1 in Transmutations
  2101 | D:3      | Reached skill level 1 in Fire Magic
  2101 | D:3      | Reached skill level 1 in Ice Magic
  2101 | D:3      | Reached skill level 1 in Air Magic
  2101 | D:3      | Reached skill level 1 in Earth Magic
  2101 | D:3      | Reached skill level 1 in Poison Magic
  2250 | D:3      | Found a faded altar of an unknown god.
  2611 | D:3      | HP: 1/38 [orc priest/divine providence (10)]
  2721 | D:3      | HP: 1/38 [orc priest/nerve-wracking pain (9)]
  2733 | D:3      | Killed from afar by an orc priest

Illustrated notes

Levels and vault maps discovered:
D:1:      dpeg_arrival_subterranean_lakeside_camping, layout_basic,
          serial_shops, shop, hangedman_feature_mirror
D:2:      layout_rooms, serial_shops, shop, minivault_11, kennysheep_minor_cross
D:3:      minmay_inner_zag, layout_basic, chequers_ecumenical_altar_grove,
          minmay_misc_feat_more_columns, hangedman_decor_diamond_cutter

Skill      XL: |  1  2  3  4 |
---------------+-------------+-----
Invocations    | 1 |  1.4
Short Blades   | 1 |  1.3
Long Blades    | 1 |  1.3
Axes           | 1 |  1.3
Maces & Flails | 1 |  1.3
Polearms       | 1 |  1.3
Staves         | 1 |  1.3
Slings         | 1 |  1.3
Bows           | 1 |  1.3
Crossbows      | 1 |  1.3
Stealth        | 1 |  1.3
Shields        | 1 |  1.3
Spellcasting   | 1 |  1.3
Evocations     | 1 |  1.3
Conjurations   | 1 |  1.0
Hexes          | 1 |  1.0
Summonings     | 1 |  1.0
Necromancy     | 1 |  1.0
Translocations | 1 |  1.0
Transmutations | 1 |  1.0
Fire Magic     | 1 |  1.0
Ice Magic      | 1 |  1.0
Air Magic      | 1 |  1.0
Earth Magic    | 1 |  1.0
Poison Magic   | 1 |  1.0
Fighting       | |  4.7
Throwing       | |  2.8
Armour         | |  4.7
Dodging        | |  6.6
Unarmed Combat | |  4.7

Action                   |  1- 3 |  4- 6 || total
-------------------------+-------+-------++-------
Melee: Club              |    82 |       ||    82
       Bite              |     9 |     7 ||    16
       Rapier            |    61 |    82 ||   143
       Punch             |     1 |     3 ||     4
  Use: Potion            |       |     2 ||     2
Armor: Leather armour    |    34 |       ||    34
       Ring mail         |    27 |    10 ||    37
       Scale mail        |       |    11 ||    11
Dodge: Dodged            |   115 |    48 ||   163
